 Dungeon Crawl Stone Soup version 0.21-a0-2-ge494091 (webtiles) character file.

87 Naow the Firebug (level 4, -1/27 HPs)
             Began as an Octopode Fire Elementalist on May 22, 2017.
             Killed from afar by morbho's ghost (10 damage)
             ... with a magic dart
             ... on level 3 of the Dungeon.
             The game lasted 00:02:54 (2213 turns).

Naow the Firebug (Octopode Fire Elementalist)       Turns: 2213, Time: 00:02:55

Health: -1/27      AC:  1    Str:  7    XL:     4   Next: 51%
Magic:  5/8        EV: 13    Int: 18    God:
Gold:   109        SH:  0    Dex: 12    Spells: 3/9 levels left

rFire    . . .     SeeInvis .   (no weapon)
rCold    . . .     Gourm    .   (no shield)
rNeg     . . .     Faith    .   (helmet restricted)
rPois    .         Spirit   .   (no amulet)
rElec    .         Reflect  .   e - ring of flight
rCorr    .         Harm     .   (no ring)
MR       .....                  (no ring)
Stlth    +++.......             (no ring)
Regen    0.1/turn               (no ring)
MPRegen  0.2/turn               (no ring)
                                (no ring)
                                (no ring)

@: no status effects
A: almost no armour, stealthy swim, amphibious, 8 rings, constrict 8, camouflage
1, gelatinous body 1
a: Evoke Flight


You were on level 3 of the Dungeon.
You were not hungry.

You visited 1 branch of the dungeon, and saw 3 of its levels.

You collected 109 gold pieces.

Inventory:

Jewellery
 e - a ring of flight (left tentacle)
Scrolls
 f - a scroll of enchant weapon {unknown}
 i - 2 scrolls of remove curse {unknown}
 k - 2 scrolls of identify {unknown}
 l - 3 scrolls of enchant armour {unknown}
 m - 2 scrolls of immolation {unknown}
 n - a scroll of noise {unknown}
 p - a scroll of random uselessness {unknown}
 r - a scroll of fog {unknown}
 s - 2 scrolls of magic mapping {unknown}
Potions
 c - 2 potions of curing {unknown}
 h - a potion of agility {unknown}
 j - a potion of lignification {unknown}
 o - 3 potions of magic {unknown}
Books
 a - a book of Flames

   Spells                             Type                      Level
   a - Flame Tongue                   Conjuration/Fire             1
   b - Throw Flame                    Conjuration/Fire             2
   c - Conjure Flame                  Conjuration/Fire             3
   d - Inner Flame                    Hexes/Fire                   3
   e - Sticky Flame                   Conjuration/Fire             4
   f - Fireball                       Conjuration/Fire             5
Comestibles
 b - a bread ration
 d - a royal jelly
 g - a chunk of flesh
 q - a meat ration


   Skills:
 - Level 2.0 Dodging
 - Level 2.6 Stealth
 + Level 3.0 Spellcasting
 + Level 2.1 Conjurations
 + Level 4.0 Fire Magic


You had 3 spell levels left.
You knew the following spells:

 Your Spells              Type           Power        Failure   Level  Hunger
a - Flame Tongue          Conj/Fire      ##...        4%          1    None
b - Throw Flame           Conj/Fire      ##....       7%          2    ##.....
c - Conjure Flame         Conj/Fire      ##......     14%         3    ###....


Dungeon Overview and Level Annotations

Branches:
Dungeon (3/15)

Altars:
Dithmenos

Annotations:
D:3 morbho's ghost, amateur DECj


Innate Abilities, Weirdness & Mutations

You cannot wear most types of armour.
You are very stealthy in the water. (Stealth+)
You are amphibious.
You can wear up to eight rings at the same time.
You can use your tentacles to constrict eight enemies at once.
Your skin changes colour to match your surroundings (Stealth+).
Your rubbery body absorbs attacks. (AC +1, EV +1)


Message History

The flame tongue hits the rat.
You kill the rat!
Casting: Flame Tongue
Confirm with . or Enter, or press ? or * to list all spells.
You can't see any susceptible monsters within range! (Use Z to cast anyway.)
Casting: Flame Tongue
Confirm with . or Enter, or press ? or * to list all spells.
Aiming: Throw Flame
Press: ? - help, Shift-Dir - straight line, f - morbho's ghost
Aim: morbho's ghost (hasn't noticed you)
The puff of flame hits morbho's ghost.
Morbho's ghost is moderately damaged.
Morbho's ghost turns its malevolent gaze towards you.
Morbho's ghost gestures at you while chanting.
The orb of energy hits you!
Morbho's ghost gestures at you while chanting.
The magic dart hits you!
Morbho's ghost gestures at you while chanting.
The magic dart hits you!
You die...

.........# Wl......#
.......## ........
♣... ..# ..≈P♣♣♣
♣..# #.# #≈≈≈≈≈♣
♣.###.# #♣P≈≈≈≈♣
≈≈≈♣...≈P ♣...#.#
#♣P≈≈≈≈≈P ≈≈≈≈..≈≈P♣
♣##@..#####♣≈≈P≈≈≈≈P
≈≈≈....≈P≈
###.....≈≈≈≈P≈≈≈)≈
≈≈P.... ≈≈
#.###.≈≈≈≈≈≈≈≈≈≈
≈≈≈≈... ≈♣# ###.#
#...≈≈≈≈≈≈≈≈ ♣P...≈
♣♣.###<..#
#...........
♣♣..≈♣♣..##..###
##♣.≈≈≈≈≈≈≈≈
#...P≈......##
##≈≈.≈≈PP≈≈≈P
#...≈♣.######
#≈♣≈.P≈≈≈♣♣♣≈
#...#.## ♣♣≈≈.≈≈≈♣♣
♣♣


You could see morbho's ghost and a frilled lizard (wandering).

Vanquished Creatures
  2 adders
  2 worms
  3 dart slugs
  A leopard gecko (D:1)
  6 bats
  5 giant cockroaches
  10 goblins
  10 hobgoblins
  2 frilled lizards
  7 kobolds
  4 rats
52 creatures vanquished.

Notes
Turn   | Place    | Note
-------+----------+-------------------------------------------
     0 | D:1      | Naow the Octopode Fire Elementalist began the quest for the Orb.
     0 | D:1      | Reached XP level 1. HP: 11/11 MP: 3/3
   247 | D:1      | Reached XP level 2. HP: 17/17 MP: 3/5
   686 | D:1      | Reached XP level 3. HP: 21/21 MP: 1/6
  1913 | D:2      | Found a shadowy altar of Dithmenos.
  1918 | D:2      | Reached XP level 4. HP: 21/27 MP: 3/8
  2123 | D:3      | Reached skill level 4 in Fire Magic
  2174 | D:3      | Noticed morbho's ghost (amateur DECj)
  2188 | D:2      | Learned a level 2 spell: Throw Flame
  2192 | D:2      | Learned a level 3 spell: Conjure Flame
  2213 | D:3      | Killed from afar by morbho's ghost

Vault maps used:
D:1:      dpeg_arrival_chase, bh_walls_and_bars
D:2:      lemuel_coloured_pillars_altar
D:3:      bloody_trog, vehumet_crystals, serial_bayou, serial_bayou_shore_a,
          serial_bayou_lagoon_b, serial_bayou_shore_b, serial_bayou_ford_a,
          nemelex_lonely_heart_becter

Skill      XL: |  1  2  3  4 |
---------------+-------------+-----
Conjurations   | 2 |  2.1
Fire Magic     | 4 |  4.0
Spellcasting   | 3 |  3.0
Dodging        | |  2.0
Stealth        | |  2.6

Action                   |  1- 3 |  4- 6 || total
-------------------------+-------+-------++-------
Melee: Unarmed           |    22 |       ||    22
       Constrict         |     7 |       ||     7
       Tentacles         |     4 |       ||     4
 Cast: Flame Tongue      |    66 |    15 ||    81
       Throw Flame       |       |     1 ||     1
 Stab: Sleeping          |     1 |       ||     1
  Eat: Chunk             |     3 |     1 ||     4
Armor: Skin              |     4 |       ||     4
Dodge: Dodged            |    31 |     3 ||    34
